 Dungeon Crawl Stone Soup version 0.21.1-1-g345015f (webtiles) character file.

437 Zhenya24pyc the Cudgeler (level 7, -8/44 HPs)
             Began as a Gargoyle Fighter on Feb 8, 2018.
             Killed by divine providence
             ... invoked by an orc priest
              (11 damage)
             ... on level 4 of the Dungeon.
             The game lasted 00:04:50 (3494 turns).

Zhenya24pyc the Cudgeler (Gargoyle Fighter)         Turns: 3494, Time: 00:04:51

Health: -8/44      AC: 12    Str: 20    XL:     7   Next: 1%
Magic:  7/7        EV:  8    Int:  9    God:
Gold:   182        SH:  9    Dex: 10    Spells: 6/6 levels left

rFire    . . .     SeeInvis .   a - +0 flail
rCold    . . .     Gourm    .   c - +0 shield
rNeg     + . .     Faith    .   b - +0 scale mail
rPois    ∞         Spirit   .   (no helmet)
rElec    +         Reflect  .   w - +0 cloak
rCorr    .         Harm     .   (no gloves)
MR       +....     Rnd*Tele +   (no boots)
Stlth    ..........             (no amulet)
HPRegen  0.14/turn              h - ring of teleportation (curse)
MPRegen  0.10/turn              r - ring of protection from magic

@: no status effects
A: negative energy resistance 1, electricity resistance, unbreathing,
petrification resistance, rot immunity, AC +4
a: no special abilities


You were on level 4 of the Dungeon.
You were not hungry.

You visited 1 branch of the dungeon, and saw 4 of its levels.

You collected 182 gold pieces.

Inventory:

Hand Weapons
 a - a +0 flail (weapon)
Armour
 b - a +0 scale mail (worn)
 c - a +0 shield (worn)
 w - a +0 cloak (worn)
Jewellery
 h - a cursed ring of teleportation (left hand)
 r - a ring of protection from magic (right hand)
 x - a cursed ring of loudness {unknown}
Wands
 q - a wand of iceblast (10)
 y - a wand of clouds (3)
Scrolls
 e - a scroll of fear {unknown}
 j - 4 scrolls of blinking {unknown}
 k - a scroll of identify {unknown}
 l - a scroll of random uselessness {unknown}
 o - a scroll of magic mapping {unknown}
 s - 2 scrolls of remove curse {unknown}
 t - 4 scrolls of immolation {unknown}
 u - a scroll of teleportation {unknown}
Potions
 d - a potion of might
 g - 2 potions of resistance {unknown}
 i - 2 potions of berserk rage {unknown}
 m - 3 potions of brilliance {unknown}
 n - 2 potions of haste {unknown}
 p - 2 potions of curing {unknown}
 z - a potion of ambrosia {unknown}
Comestibles
 f - 6 rations
 v - 2 chunks of flesh


   Skills:
 + Level 5.2 Fighting
 * Level 5.7 Maces & Flails
 - Level 3.2 Armour
 + Level 1.5 Dodging
 - Level 3.2 Shields


You had 6 spell levels left.
You didn't know any spells.

Dungeon Overview and Level Annotations

Branches:
Dungeon (4/15)             Temple (0/1) D:4

Altars:


Innate Abilities, Weirdness & Mutations

You are resistant to torment.
Your stone body is resilient. (AC +4)
You are immune to poison.
You resist negative energy. (rN+)
You are resistant to electric shocks. (rElec)
You can survive without breathing.
You are immune to petrification.
You are immune to rotting.


Message History

You closely miss something. Something hits you but does no damage.
Something hits you.
Your shield and scale mail prevent you from hitting something.
The orc priest invokes the aid of Beogh against you.
Beogh smites you!
* * * LOW HITPOINT WARNING * * *
Something hits you but does no damage.
You sock something! Something hits you but does no damage.
You completely miss something. Something hits you but does no damage.
Unknown command.
You miss something. Something hits you.
* * * LOW HITPOINT WARNING * * *
The orc priest invokes the aid of Beogh against you.
Unknown command.
Items here: $ ) [ † a dagger; a robe; 35 gold pieces; an orc corpse Something hits you but does no damage.
The orc priest mumbles some strange prayers to Beogh against you.
Beogh smites you!
You die...

##............. #o# ##...
##............ #)## ###
#### #..# #..####.#
##.......##
####.........###
##########......o.......##
##............o.o.........#
...........@{.............#
##......≈≈≈≈≈...........##
#....≈≈≈≈≈≈≈≈≈......##..#
#..≈≈≈≈≈≈≈≈≈≈≈≈≈..#####..
#.≈≈≈≈≈≈≈≈≈≈≈≈≈≈≈.# ##.
#.≈≈≈≈≈≈...≈≈≈≈≈≈.# #.
#.≈≈≈≈≈≈.>.≈≈≈≈≈≈.# #.
#.≈≈≈≈≈≈...≈≈≈≈≈≈.# #.
#..≈≈≈≈≈≈≈≈≈≈≈≈≈..# #.


You could see an orc priest and 2 orcs.

Vanquished Creatures
  A phantom (D:2)
  The ghost of letownia4 the Conjurer, an amateur DsWz (D:4)
  A hound (D:4)
  An orc wizard (D:4)
  A bullfrog skeleton (D:4)
  A worker ant (D:4)
  An iguana (D:4)
  5 adders
  An ooze (D:4)
  3 worms (D:2)
  A dart slug (D:3)
  An orc (D:3)
  A ball python (D:2)
  10 bats
  6 giant cockroaches
  7 goblins
  7 hobgoblins
  12 jackals
  10 kobolds
  2 quokkas (D:2)
  8 frilled lizards
  A jackal skeleton (D:4)
  7 rats
89 creatures vanquished.

Notes
Turn   | Place    | Note
-------+----------+-------------------------------------------
     0 | D:1      | Zhenya24pyc the Gargoyle Fighter began the quest for the Orb.
     0 | D:1      | Reached XP level 1. HP: 14/14 MP: 1/1
   193 | D:1      | Reached XP level 2. HP: 19/19 MP: 2/2
   604 | D:1      | Reached XP level 3. HP: 24/24 MP: 3/3
  1251 | D:2      | Reached XP level 4. HP: 23/29 MP: 4/4
  1872 | D:2      | Noticed a phantom
  1928 | D:2      | Killed a phantom
  1928 | D:2      | Reached skill level 1 in Dodging
  1928 | D:2      | Reached XP level 5. HP: 24/34 MP: 5/5
  3133 | D:4      | Noticed letownia4's ghost (amateur DsWz)
  3144 | D:4      | Killed letownia4's ghost
  3144 | D:4      | Reached skill level 5 in Maces & Flails
  3144 | D:4      | Reached XP level 6. HP: 29/40 MP: 6/6
  3163 | D:4      | Reached skill level 5 in Fighting
  3389 | D:4      | Found a staircase to the Ecumenical Temple.
  3466 | D:4      | Reached XP level 7. HP: 39/44 MP: 7/7
  3478 | D:4      | HP: 2/44 [orc priest/divine providence (16)]
  3494 | D:4      | Killed from afar by an orc priest

Skill      XL: |  1  2  3  4  5  6 |
---------------+-------------------+-----
Maces & Flails | 3 4 5 |  5.7
Fighting       | 4 5 |  5.2
Dodging        | 1 |  1.5
Armour         | |  3.2
Shields        | |  3.2

Action                   |  1- 3 |  4- 6 |  7- 9 || total
-------------------------+-------+-------+-------++-------
Melee: Flail             |   199 |   257 |    15 ||   471
  Eat: Chunk             |     2 |     7 |       ||     9
Armor: Scale mail        |   108 |   190 |    10 ||   308
Dodge: Dodged            |    77 |    93 |       ||   170
Block: Shield            |   135 |   165 |     1 ||   301
